 Dungeon Crawl Stone Soup version 0.31-a0-765-g67fe2935dc (webtiles) character file.

Game seed: 10809907439904054786

4884 LobsterGuardian the Cleaver (level 10, 0/96 HPs)
             Began as a Tengu Berserker on Sept 15, 2023.
             Was an Elder of Trog.
             Succumbed to barbed spike wounds
             ... on level 7 of the Dungeon on Sept 16, 2023.
             The game lasted 00:26:47 (6316 turns).

LobsterGuardian the Cleaver (Tengu Berserker)       Turns: 6316, Time: 00:26:47

Health: 0/96       AC:  8    Str: 27    XL:     10   Next: 50%
Magic:  11/11      EV: 32    Int:  9    God:    Trog [****..]
Gold:   350        SH:  0    Dex: 17    Spells: 9/9 levels left

rFire   . . .        a - +0 hand axe
rCold   . . .        (no shield)
rNeg    . . .        n - +1 scale mail
rPois   .            (helmet restricted)
rElec   .            (no cloak)
rCorr   .            (no gloves)
SInv    .            (boots unavailable)
Will    +....        i - amulet of magic regeneration Stlth
                     p - +6 ring of strength
HPRegen 0.36/turn    G - ring of Potzurib {*Slow Will+ Dex+4 Slay+4}
MPRegen 0.52/turn

%: slow self (1%), acrobat
@: berserking (expiring), spiked, acrobatic, flying, very quick
A: beak, talons 3, evasive flight, acrobatic
a: Renounce Religion, Berserk, Trog's Hand, Brothers in Arms


You were on level 7 of the Dungeon.
You worshipped Trog.
Trog was greatly pleased with you.
You visited 1 branch of the dungeon, and saw 8 of its levels.

You collected 378 gold pieces.
You spent 28 gold pieces at shops.

Inventory:

Hand Weapons
 a - a +0 hand axe (weapon)
Missiles
 m - 2 throwing nets
Armour
 n - a +1 scale mail (worn)
Jewellery
 i - an amulet of magic regeneration (around neck)
 p - a +6 ring of strength (left hand)
 z - a +5 ring of evasion
 F - a ring of protection from cold
 G - the ring of Potzurib (right hand) {*Slow Will+ Dex+4 Slay+4}
   (You found it on level 8 of the Dungeon)

   [ring of slaying]

   Dex+4:     It affects your dexterity (+4).
   Slay+4:    It affects your accuracy & damage with ranged weapons and melee
   (+4).
   Will+:     It increases your willpower.
   *Slow:     It may slow you when you take damage.
Wands
 t - a wand of charming (11)
 y - a wand of digging (3)
 E - a wand of acid (6)
Scrolls
 d - a scroll of poison {unknown}
 j - 2 scrolls of enchant armour
 k - a scroll of immolation {unknown}
 l - a scroll of torment {unknown}
 q - 4 scrolls of enchant weapon {unknown}
 r - 2 scrolls of teleportation {unknown}
 s - 3 scrolls of fog {unknown}
 u - a scroll of brand weapon {unknown}
 v - a scroll of butterflies {unknown}
 C - a scroll of vulnerability {unknown}
 D - a scroll of amnesia {unknown}
Potions
 b - 4 potions of attraction {unknown}
 c - a potion of curing
 e - 2 potions of lignification
 f - a potion of enlightenment
 g - a potion of resistance
 h - 3 potions of ambrosia {unknown}
 o - a potion of brilliance
 w - a potion of magic
 x - a potion of haste {unknown}
 A - 2 potions of invisibility {unknown}
 B - a potion of heal wounds {unknown}


   Skills:
 * Level 8.2 Fighting
 + Level 12.1 Axes
 + Level 7.2 Armour
 + Level 5.0 Dodging


You had 9 spell levels left.
You didn't know any spells.
Your spell library was empty.

Dungeon Overview and Level Annotations

Branches:
Dungeon (8/15)             Temple (0/1) D:6
   Lair: D:8-11

Altars:
Ashenzari
Fedhas
Trog
Uskayaw

Shops:
D:6 *   D:8 :

Annotations:
D:3 2 transporters, quakins's ghost, amateur TrSh


Innate Abilities, Weirdness & Mutations

You have a beak for a mouth.
You have claws for feet.
Your magical flight helps you evade attacks. (EV +4)
You can magically evade attacks while moving or waiting.


Message History

Unknown command.
You closely miss the deep elf pyromancer.
Your kick misses the deep elf pyromancer.
You punch the deep elf pyromancer!
The deep elf pyromancer is severely wounded.
The deep elf pyromancer hits you with a +0 short sword.
The manticore flicks its tail.
The volley of spikes hits you!
The barbed spikes become lodged in your body.
* * * LOW HITPOINT WARNING * * *
The white imp grinds its teeth.
You hit the deep elf pyromancer.
Your peck misses the deep elf pyromancer.
The deep elf pyromancer is severely wounded.
Unknown command.
You closely miss the deep elf pyromancer.
The deep elf pyromancer is severely wounded.
The deep elf pyromancer barely misses you.
The manticore flicks its tail.
The volley of spikes hits you!!
The barbed spikes become lodged in your body.
* * * LOW HITPOINT WARNING * * *
Unknown command.
You barely miss the deep elf pyromancer.
You claw the deep elf pyromancer. You peck the deep elf pyromancer.
The deep elf pyromancer is almost dead.
Unknown command.
Unknown command.
You hit the deep elf pyromancer.
You kill the deep elf pyromancer!
Trog accepts your kill.
Trog appreciates your killing of a magic user.
Your Dodging skill increases to level 5!
Unknown command.
Unknown command.
The barbed spikes dig painfully into your body as you move.
* * * LOW HITPOINT WARNING * * *
Unknown command.
The barbed spikes dig painfully into your body as you move.
You die...

..# #.#..........#.......##. ..#
#.###..##....#########..
..########......##........##..##.
............###[#....>...........
.................................
.....†....#..####################
.............#.....u..H....
....###..#...#P...#)....... ....#
#......#..@P#........ ....#
#.##...#P...#5.......
....###......#...P#........
....##...###.#P...#........
....##..####.#)†)P#........
.#####..##...#P...#........
.#......(..#.#...P#
...###.......#'####
.............#....#


You could see a cyan ugly thing.

Vanquished Creatures
  2 centaur warriors (D:7)
  Pikel (D:5)
  A deep elf pyromancer (D:7)
  2 water moccasins
  Duvessa (D:4)
  2 orc warriors
  A sky beast (D:8)
  3 ice beasts
  A black bear (D:5)
  A centaur (D:6)
  2 phantoms
  2 kobold brigands
  A bullfrog (D:8)
  A scorpion (D:6)
  3 wights (D:6)
  Dowan (D:4)
  3 killer bees (D:8)
  5 howler monkeys
  4 orc priests (D:6)
  3 hounds
  5 jellies
  A gnoll bouda (D:6)
  2 sleepcaps
  5 iguanas
  2 orc wizards (D:8)
  Robin (D:4)
  5 gnolls (D:6)
  5 adders
  2 white imps
  An ufetubus (D:5)
  4 dart slugs
  2 worms
  22 orcs
  5 bats
  5 endoplasms
  A giant cockroach (D:2)
  9 hobgoblins
  2 quokkas (D:1)
  3 ball pythons
  3 frilled lizards
  14 goblins
  8 kobolds
  6 rats
153 creatures vanquished.

Vanquished Creatures (others)
  A wizard (D:6)
  An orc wizard (D:8)
2 creatures vanquished.

Grand Total: 155 creatures vanquished

Notes
Turn   | Place    | Note
-------+----------+-------------------------------------------
     0 | D:1      | LobsterGuardian the Tengu Berserker began the quest for the
                  | Orb.
     0 | D:1      | Reached XP level 1. HP: 14/14 MP: 2/2
   343 | D:1      | Reached XP level 2. HP: 11/19 MP: 3/3
   882 | D:2      | Identified the +1 sling of Amorality {drain, Will+}
   888 | D:2      | Reached skill level 4 in Axes
   901 | D:2      | Reached XP level 3. HP: 23/23 MP: 4/4
  1264 | D:2      | Upgraded the game from 0.31-a0-750-gfe7b580527 to
                  | 0.31-a0-765-g67fe2935dc
  1450 | D:3      | Noticed quakins's ghost (amateur TrSh)
  1495 | D:3      | Reached ** piety under Trog
  1588 | D:3      | Found a transporter.
  1598 | D:3      | Found a transporter.
  1633 | D:3      | You fall into a shaft and drop 3 floors!
  1668 | D:6      | Reached XP level 4. HP: 28/28 MP: 5/5
  1722 | D:6      | Reached skill level 5 in Axes
  1730 | D:6      | Reached XP level 5. HP: 22/32 MP: 6/6
  1810 | D:6      | Noticed an ice beast
  1818 | D:6      | Killed an ice beast
  1819 | D:6      | Reached skill level 6 in Axes
  1863 | D:6      | Reached XP level 6. HP: 19/37 MP: 7/7
  1965 | D:6      | Noticed a water moccasin
  1965 | D:6      | Noticed an ice beast
  1975 | D:6      | Killed an ice beast
  1976 | D:6      | Reached skill level 7 in Axes
  1981 | D:6      | Gained mutation: Your magical flight helps you evade
                  | attacks. (EV +4) [Tengu growth]
  1981 | D:6      | Reached XP level 7. HP: 9/42 MP: 8/8
  1983 | D:6      | Reached skill level 8 in Axes
  1986 | D:6      | HP: 2/43 [poisoned by a water moccasin]
  2232 | D:6      | Reached XP level 8. HP: 34/48 MP: 9/9
  2329 | D:6      | Found Fuadessi's General Store.
  2330 | D:6      | Found a staircase to the Ecumenical Temple.
  2369 | D:6      | Bought a scroll of identify for 28 gold pieces
  2381 | D:6      | Reached skill level 9 in Axes
  2769 | D:6      | Found a bloodstained altar of Trog.
  2780 | D:6      | Noticed a wizard
  2782 | D:6      | Killed a wizard
  2973 | D:5      | Entered Level 5 of the Dungeon
  3180 | D:5      | Found a blossoming altar of Fedhas.
  3203 | D:5      | Noticed Pikel
  3210 | D:5      | Killed Pikel
  3211 | D:5      | Reached skill level 5 in Fighting
  3211 | D:5      | Reached skill level 10 in Axes
  3211 | D:5      | Reached XP level 9. HP: 55/55 MP: 10/10
  3878 | D:4      | Noticed Dowan
  3878 | D:4      | Noticed Duvessa
  3885 | D:4      | Killed Dowan
  3897 | D:4      | Killed Duvessa
  3898 | D:4      | Reached skill level 5 in Armour
  3986 | D:4      | Noticed Robin
  3995 | D:4      | Killed Robin
  4001 | D:4      | Reached *** piety under Trog
  4122 | D:4      | Found a broken altar of Ashenzari.
  4373 | D:4      | Found a hide-covered altar of Uskayaw.
  5914 | D:8      | Found Coemm's Book Emporium.
  6002 | D:8      | Identified the ring of Potzurib {*Slow Will+ Dex+4 Slay+4}
  6044 | D:8      | Reached skill level 11 in Axes
  6242 | D:7      | Noticed a centaur warrior
  6247 | D:7      | Noticed a centaur warrior
  6253 | D:7      | Killed a centaur warrior
  6254 | D:7      | Reached XP level 10. HP: 63/63 MP: 11/11
  6256 | D:7      | Killed a centaur warrior
  6269 | D:7      | Reached **** piety under Trog
  6291 | D:7      | Noticed a deep elf pyromancer
  6305 | D:7      | Reached skill level 12 in Axes
  6305 | D:7      | Noticed a cyan ugly thing
  6305 | D:7      | Noticed a manticore
  6314 | D:7      | Killed a deep elf pyromancer
  6315 | D:7      | Reached skill level 5 in Dodging
  6316 | D:7      | Succumbed to barbed spike wounds

Illustrated notes

Levels and vault maps discovered:
D:1:      ncdulo_halloftheorcs, layout_basic, minmay_hexomino_c4
D:2:      wander_river, layout_rooms, minmay_strange_pillars
D:3:      layout_loops_corners, gammafunk_ghost_stat_death
D:4:      layout_loops_ring, nicolae_ashenzari_skybound,
          nicolae_uskayaw_dance_hall, uniq_robin, uniq_duvessa
D:5:      layout_rooms, overflow_temple_1_default, serial_rivers,
          chequers_serial_rivers_marsh, chequers_serial_rivers_room_a,
          chequers_serial_rivers_micro_a, chequers_serial_rivers_small_b,
          chequers_serial_rivers_marsh, minmay_hedge_maze, chequers_big_river,
          uniq_pikel
D:6:      layout_basic, trog_wizard, minmay_temple_entry_proselytizer,
          serial_shops, shop, minmay_chambers_of_fives
D:7:      minmay_klotski, layout_rooms, kennysheep_generic_room_11
D:8:      layout_basic, serial_shops, shop

Skill      XL: |  1  2  3  4  5  6  7  8  9 10 |
---------------+-------------------------------+-----
Axes           | 4 5 6 7 8 10 11 12 | 12.1
Dodging        | 3 4 5 |  5.0
Fighting       | 4 5 7 8 |  8.2
Armour         | 3 4 6 7 |  7.2

Action                     |  1- 3 |  4- 6 |  7- 9 | 10-12 || total
---------------------------+-------+-------+-------+-------++-------
  Melee: Hand axe          |    67 |    26 |   253 |    22 ||   368
         Kick              |    19 |     7 |    80 |     4 ||   110
         Peck              |    14 |     4 |    46 |     5 ||    69
         Punch             |       |       |     1 |     1 ||     2
 Invoke: Berserk           |     1 |     3 |     9 |     1 ||    14
    Use: Scroll            |     4 |       |     4 |       ||     8
         Potion            |       |       |     1 |     1 ||     2
   Stab: Sleeping          |     1 |       |       |       ||     1
 Armour: Animal skin       |    21 |       |       |       ||    21
         Scale mail        |     4 |    23 |    72 |    11 ||   110
  Dodge: Dodged            |    53 |    17 |   167 |    19 ||   256

Table legend: (Time is in decaauts)
 A = Elapsed time spent in this place.
 B = Non-inter-level travel time spent in this place.
 C = Inter-level travel time spent in this place.
 D = Time resting spent in this place.
 E = Time spent auto-exploring this place.
 F = Levels seen in this place.
 G = Mean time per level.
                   A        B        C        D        E       F      G
               +--------+--------+--------+--------+--------+-----+--------+
         Total |   6382 |   5953 |    429 |    221 |   4807 |   8 |  797.8 |
       Dungeon |   6382 |   5953 |    429 |    221 |   4807 |   8 |  797.8 |
               +--------+--------+--------+--------+--------+-----+--------+

Top non-repeatable levels by time:
     D:6: 1387 daAuts
     D:4: 876 daAuts
     D:1: 873 daAuts
     D:3: 842 daAuts
     D:5: 769 daAuts
     D:8: 610 daAuts
     D:2: 596 daAuts
     D:7: 426 daAuts
